 Dungeon Crawl Stone Soup version 0.29-a0-23-ga79f92ac9c (webtiles) character file.

Game seed: 6910153997662125744

22 bande the Shield-Bearer (level 2, 0/19 HPs)
             Began as a Gargoyle Fighter on Jan 30, 2022.
             Slain by Natasha (6 damage)
             ... on level 2 of the Dungeon.
             The game lasted 00:01:06 (1112 turns).

bande the Shield-Bearer (Gargoyle Fighter)          Turns: 1112, Time: 00:01:07

Health: 0/19       AC:  9    Str: 19    XL:     2   Next: 91%
Magic:  2/2        EV:  9    Int:  8    God:
Gold:   87         SH:  4    Dex:  9    Spells: 1/1 levels left

rFire   . . .      SeeInvis .   a - +0 war axe (freeze)
rCold   . . .      Faith    .   c - +0 buckler
rNeg    + . .      Spirit   .   b - +0 scale mail
rPois   ∞          Reflect  .   (no helmet)
rElec   +          Harm     .   (no cloak)
rCorr   .          Rampage  .   (no gloves)
Will    .....                   (no boots)
Stlth   ..........              (no amulet)
HPRegen 0.06/turn               (no ring)
MPRegen 0.08/turn               (no ring)

@: no status effects
A: sickness immunity, AC +2, negative energy resistance 1, electricity
resistance, torment resistance 1, petrification resistance
a: no special abilities


You were on level 2 of the Dungeon.
You visited 1 branch of the dungeon, and saw 2 of its levels.

You collected 87 gold pieces.

Inventory:

Hand Weapons
 a - a +0 war axe of freezing (weapon)
Armour
 b - a +0 scale mail (worn)
 c - a +0 buckler (worn)
Scrolls
 f - 3 scrolls of teleportation
Potions
 d - a potion of might
 e - a potion of magic {unknown}
 g - 3 potions of curing {unknown}
 h - a potion of attraction {unknown}
 i - a potion of lignification {unknown}
 j - a potion of brilliance {unknown}


   Skills:
 + Level 3.6 Fighting
 + Level 2.0 Axes
 + Level 3.6 Armour
 + Level 0.1 Stealth
 + Level 3.6 Shields


You had one spell level left.
You didn't know any spells.
Your spell library was empty.

Dungeon Overview and Level Annotations

Branches:
Dungeon (2/15)

Altars:

Annotations:
D:2 Natasha


Innate Abilities, Weirdness & Mutations

You are immune to sickness and miasma.
Your stone body is resilient. (AC +2)
You are immune to poison.
You resist negative energy. (rN+)
You are resistant to electric shocks. (rElec)
You are resistant to unholy torment.
You are immune to petrification.


Message History

Key pressed, stopping explore.
There is an open door here.
There is an open door here.
There is an open door here.
You see here a ball python skeleton.
There is an open door here.
Done exploring.
Done exploring.
There is an open door here.
You open the door.
There is an open door here.
Done exploring.
There is a stone staircase leading down here.
You climb downwards.
There is a stone staircase leading up here.
j - a dark potion Natasha, Servant of Life and Death comes into view.
Natasha howls an incantation.
You feel troubled.
Natasha stares at you and mumbles some strange words.
The magic dart hits you. Natasha casts a spell at you. The magic dart hits you!
You are too injured to fight recklessly!
You are too injured to fight recklessly!
You are too injured to fight recklessly!
You are too injured to fight recklessly!
You are too injured to fight recklessly!
You are too injured to fight recklessly!
You are too injured to fight recklessly!
You are too injured to fight recklessly!
Natasha mumbles some strange words.
Unknown command.
The crimson imp hits you but does no damage.
You barely miss the crimson imp. The crimson imp completely misses you.
You slash the crimson imp! You freeze the crimson imp.
You kill the crimson imp!
The crimson imp disappears in a puff of smoke!
You barely miss Natasha. Natasha claws you.
You die...

###
..#
#.#
#h#
#@#
#.#
#.#
#.#
###
#.#
..#
#.#
#.#
#.#
#.#
#.#
#.#
#.###


You could see Natasha.

Vanquished Creatures
  2 dart slugs (D:1)
  A goblin (D:1)
  A hobgoblin (D:1)
  4 kobolds (D:1)
  2 ball pythons (D:1)
  4 bats (D:1)
  A frilled lizard (D:1)
  3 rats (D:1)
18 creatures vanquished.

Notes
Turn   | Place    | Note
-------+----------+-------------------------------------------
     0 | D:1      | bande the Gargoyle Fighter began the quest for the Orb.
     0 | D:1      | Reached XP level 1. HP: 14/14 MP: 1/1
    88 | D:1      | Reached XP level 2. HP: 19/19 MP: 2/2
   601 | D:1      | Found a faded altar of an unknown god.
  1105 | D:2      | Noticed Natasha
  1109 | D:2      | Noticed a crimson imp
  1112 | D:2      | Slain by Natasha

Illustrated notes

Levels and vault maps discovered:
D:1:      elethiomel_arrival_shortcut, layout_basic,
          ebering_ecumenical_altar_abandoned
D:2:      layout_loops_ring, minmay_misc_feat_rows, uniq_natasha

Skill      XL: |  1  2 |
---------------+-------+-----
Axes           | 2 |  2.0
Fighting       | |  3.6
Armour         | |  3.6
Stealth        | |  0.1
Shields        | |  3.6

Action                   || total
-------------------------++-------
Melee: War axe           ||    61
  Use: Scroll            ||     2
Armor: Scale mail        ||    50
Dodge: Dodged            ||    35
Block: Buckler           ||    11

Table legend: (Time is in decaauts)
 A = Elapsed time spent in this place.
 B = Non-inter-level travel time spent in this place.
 C = Inter-level travel time spent in this place.
 D = Time resting spent in this place.
 E = Time spent auto-exploring this place.
 F = Levels seen in this place.
 G = Mean time per level.
                   A        B        C        D        E       F      G
               +--------+--------+--------+--------+--------+-----+--------+
         Total |   1138 |   1109 |     29 |      0 |    922 |   2 |  569.0 |
       Dungeon |   1138 |   1109 |     29 |      0 |    922 |   2 |  569.0 |
               +--------+--------+--------+--------+--------+-----+--------+

Top non-repeatable levels by time:
     D:1: 1060 daAuts
     D:2: 77 daAuts
